Map: Heavy Artillery LE

Players

MattBarry

  • Race: Zerg Zerg
  • League: Gold
  • Spawn Location: 1:00

General

  • Race: Terran Terran
  • League: Platinum
  • Spawn Location: 3:00

FrozenSabre

  • Race: Zerg Zerg
  • League: Platinum
  • Spawn Location: 7:00

Brad

  • Race: Protoss Protoss
  • Spawn Location: 7:00

VOD

Have the link to the VOD?

Description

Time

  • Played on: Feb. 18, 2023, 2:02 a.m.
  • Length: 17:50
Show
View Real Time Build Order
Export as new Build Order

MattBarry Zerg 

Build Orders: Hatch First, Lurkers 

Get SALT Encoding   

  12  0:00  Drone  
  13  0:12  Overlord  
  13  0:19  Drone  
  14  0:35  Drone x3  
  17  0:54  Hatchery  
  16  0:58  Drone  
  16  1:00  Drone  
  18  1:05  Extractor  
  17  1:17  Spawning Pool  
  16  1:23  Drone  
  16  1:25  Drone  
  18  1:36  Drone  
  19  1:43  Drone  
  20  1:54  Overlord  
  20  2:05  Queen  
  22  2:09  Queen  
  22  2:12  Drone  
  22  2:13  Zergling x2  
  22  2:14  Metabolic Boost  
  26  2:25  Drone x2  
  26  2:26  Drone  
  29  2:35  Zergling x2  
  30  2:47  Extractor  
  29  3:00  Zergling x4  
  29  3:01  Zergling x2, Drone  
  29  3:02  Drone x2  
  35  3:12  Extractor  
  34  3:16  Drone x2  
  36  3:22  Roach Warren, Overlord  
  36  3:26  Evolution Chamber  
  36  3:35  Queen  
  36  3:36  Lair  
  37  3:41  Drone x2  
  37  3:42  Drone x2  
  37  3:46  Overlord  
  40  3:56  Zerg Ground Armor Level 1  
  40  4:05  Drone x3  
  42  4:17  Queen  
  40  4:35  Drone x2  
  40  4:36  Roach x2  
  46  4:46  Hatchery  
  46  4:47  Drone x3  
  46  4:48  Glial Reconstitution  
  48  4:53  Queen  
  48  4:58  Roach  
  52  5:07  Overlord  
  52  5:08  Overlord  
  43  5:18  Zergling x2  
  43  5:19  Roach x4  
  46  5:34  Queen  
  46  5:35  Queen  
  46  5:41  Drone x2  
  48  5:52  Zerg Missile Weapons Level 1  
  48  5:53  Drone x2  
  48  5:54  Drone  
  51  5:58  Drone  
  51  5:59  Drone  
  51  6:03  Drone  
  54  6:17  Extractor  
  53  6:22  Drone  
  53  6:23  Drone x4  
  58  6:37  Overlord  
  58  6:38  Overlord  
  58  7:02  Drone x3  
  58  7:04  Hatchery  
  58  7:07  Spire  
  59  7:14  Drone  
  59  7:15  Drone x2, Overlord  
  62  7:16  Zergling x4  
  62  7:17  Zergling x8  
  68  7:23  Hydralisk Den  
  67  7:35  Queen  
  67  7:36  Queen, Evolution Chamber  
  70  7:40  Drone x4  
  74  8:02  Zerg Melee Weapons Level 1  
  74  8:03  Zerg Ground Armor Level 2  
  74  8:10  Drone  
  74  8:11  Drone x2  
  77  8:14  Spore Crawler  
  77  8:17  Spore Crawler x2  
  74  8:23  Zergling x2  
  74  8:24  Zergling x4  
  74  8:26  Roach x2  
  81  8:27  Roach  
  83  8:40  Queen x2  
  89  8:44  Drone x2  
  89  8:48  Zerg Flyer Weapons Level 1  
  74  9:13  Extractor  
  74  9:14  Extractor  
  61  9:26  Hydralisk x2  
  61  9:27  Hydralisk x5  
  61  9:28  Roach x5  
  61  9:29  Roach x2  
  89  9:32  Overlord x3  
  89  9:40  Grooved Spines  
  89  9:49  Drone  
  89  9:50  Drone  
  89  9:51  Drone x6  
  89  9:52  Drone x3  
  100  10:12  Spore Crawler  
  99  10:37  Zerg Missile Weapons Level 2  
  99  10:39  Roach x2  
  99  10:40  Roach x2, Overlord x3  
  99  10:41  Infestation Pit, Roach x2, Zergling x6  
  113  11:20  Lurker Den  
  113  11:21  Hydralisk x4, Hive  
  113  11:22  Roach  
  113  11:23  Roach x6  
  113  11:24  Drone x2  
  113  11:25  Drone x2  
  138  11:26  Overlord x2  
  138  11:38  Hatchery  
  134  11:47  Ravager x4  
  135  11:50  Hydralisk x2  
  142  11:59  Baneling Nest, Drone x6  
  142  12:00  Drone x2  
  149  12:29  Lurker x5  
  154  12:33  Overlord x4  
  136  13:22  Seismic Spines  
  136  13:23  Hydralisk x6, Drone x2  
  136  13:24  Hydralisk, Overlord  
  136  13:25  Overlord x2  
  136  13:26  Hydralisk x5  
  127  13:37  Hydralisk x3  
  127  13:40  Hydralisk x4  
  127  13:41  Hydralisk x4  
  141  13:52  Hydralisk x3  
  144  14:08  Hatchery  
  129  14:17  Hydralisk x6  
  129  14:18  Hydralisk x2  
  129  14:19  Adaptive Talons  
  139  14:33  Hydralisk x5  
  149  14:54  Drone x5  
  149  14:55  Drone x2  
  148  15:23  Corruptor  
  148  15:24  Hydralisk x4, Corruptor x3  
  148  15:25  Hydralisk x3  
  160  15:44  Lurker x2  
  160  15:46  Overlord  
  162  16:04  Queen  
  162  16:05  Hydralisk  
  162  16:06  Hydralisk x4  
  174  16:14  Lurker x2  
  174  16:15  Hatchery  
  171  16:34  Muscular Augments  
  171  16:37  Pneumatized Carapace  
  167  16:50  Hydralisk x6  
  96  17:20  Hydralisk  
  96  17:21  Hydralisk x7  
  100  17:23  Zergling x8  
  100  17:24  Zergling x18  
Show
View Real Time Build Order
Export as new Build Order

General Terran 

Build Orders:  

Get SALT Encoding   

  12  0:00  SCV  
  13  0:13  SCV  
  14  0:25  SCV  
  14  0:26  Supply Depot  
  15  0:47  SCV  
  15  0:48  Barracks  
  16  0:52  Refinery  
  16  0:55  Refinery  
  16  0:59  SCV  
  17  1:05  Supply Depot  
  17  1:11  SCV  
  18  1:23  SCV  
  19  1:39  Marine  
  19  1:43  Orbital Command  
  19  1:45  Factory  
  20  2:01  Marine  
  22  2:08  SCV  
  22  2:18  Marine  
  22  2:20  SCV  
  24  2:30  Factory Tech Lab  
  24  2:32  Starport  
  24  2:33  SCV  
  25  2:38  Marine  
  26  2:49  Command Center  
  26  2:51  SCV  
  26  2:58  Siege Tank  
  30  3:05  Supply Depot  
  30  3:07  SCV  
  31  3:17  Fusion Core  
  31  3:27  Marine, SCV  
  33  3:38  Siege Tank  
  33  3:41  Starport Tech Lab  
  36  3:44  SCV  
  36  3:48  Marine  
  38  4:06  SCV  
  36  4:18  SCV  
  32  4:36  SCV  
  33  4:49  SCV  
  24  5:01  SCV  
  22  5:33  Siege Tank  
  25  5:50  Battlecruiser  
  25  5:52  Marine  
  32  5:57  SCV  
  33  6:09  SCV  
  33  6:10  Marine  
  35  6:18  Orbital Command  
  35  6:21  SCV  
  36  6:27  Marine  
  37  6:34  SCV  
  38  6:44  Siege Tank  
  38  6:45  Marine  
  38  6:46  SCV  
  43  6:58  SCV  
  44  7:03  Marine  
  45  7:10  SCV  
  46  7:21  Marine  
  46  7:22  SCV  
  48  7:26  SCV  
  49  7:34  SCV  
  50  7:38  Barracks, SCV  
  50  7:39  Marine  
  50  7:40  Barracks x2  
  52  7:46  SCV  
  52  7:50  SCV  
  54  8:15  Marine, SCV x2  
  43  8:27  SCV x2  
  43  8:33  Marine  
  46  8:39  SCV  
  47  8:50  Marine  
  47  8:51  Marine x3  
  51  9:08  Marine x2  
  51  9:09  Marine x2  
  55  9:14  Barracks  
  55  9:15  Barracks  
  55  9:17  Barracks  
  55  9:18  Barracks  
  55  9:26  Marine x3  
  55  9:27  Marine  
  59  9:44  Marine x3  
  62  9:47  Marine  
  62  9:48  Battlecruiser  
  69  10:01  Command Center  
  69  10:02  Marine  
  70  10:09  Supply Depot  
  70  10:12  Supply Depot  
  70  10:25  Supply Depot  
  70  10:30  Marine x7  
  70  10:34  Starport  
  77  10:48  Marine x7  
  84  10:52  Medivac  
  84  10:53  Engineering Bay  
  84  10:57  Engineering Bay  
  86  10:58  SCV  
  87  11:06  Marine x6  
  94  11:13  SCV, Medivac  
  97  11:20  Barracks Tech Lab  
  97  11:21  Medivac  
  97  11:24  Marine x5  
  97  11:25  SCV  
  104  11:27  Marine  
  105  11:37  SCV  
  106  11:41  Marine x3  
  109  11:53  Marine x4, Medivac  
  115  11:59  Supply Depot, Marine x2  
  117  12:03  Terran Infantry Weapons Level 1  
  117  12:04  Terran Infantry Armor Level 1  
  117  12:20  Marine x7  
  124  12:28  Planetary Fortress  
  124  12:32  SCV  
  125  13:04  Marine  
  125  13:05  Marine x2  
  125  13:06  Marine x3  
  125  13:07  Marine  
  125  13:11  SCV  
  109  13:22  Marine  
  109  13:23  Marine x3, SCV  
  109  13:24  Marine x3  
  95  13:35  SCV  
  95  13:40  Marine  
  95  13:41  Marine x3  
  91  13:42  Marine x3  
  72  13:58  Marine  
  72  13:59  Marine x4  
  72  14:00  Marine x2  
  72  14:01  Medivac  
  72  14:02  Armory, Medivac  
  68  14:16  Marine x2  
  68  14:17  Marine x4  
  69  14:18  Marine  
  75  14:31  Medivac  
  75  14:32  Medivac  
  75  14:33  Marine  
  75  14:34  Marine x2  
  75  14:35  Marine x3  
  75  14:36  Marine  
  86  14:39  Stimpack  
  86  14:45  SCV  
  87  14:51  Marine  
  87  14:52  Marine x2  
  89  14:53  Marine x3  
  89  14:54  Marine  
  89  14:57  SCV  
  95  15:01  Medivac  
  97  15:09  Marine, SCV  
  97  15:10  Marine x3  
  97  15:11  Marine x3  
  105  15:21  SCV  
  105  15:27  Marine  
  105  15:28  Marine x2  
  109  15:29  Marine x2  
  109  15:33  SCV  
  95  15:45  Marine  
  95  15:46  Marine x3  
  95  15:47  Marine  
  100  16:02  Marine  
  100  16:03  Marine  
  100  16:04  Marine x2  
  102  16:05  Marine  
  102  16:07  Command Center  
  105  16:16  Command Center  
  105  16:20  Marine  
  105  16:21  Marine  
  105  16:22  Marine x2  
  105  16:23  Marine  
  105  16:25  Barracks  
  110  16:26  Barracks  
  110  16:27  Barracks  
  110  16:38  Marine  
  110  16:39  Marine x2  
  111  16:40  Marine x2  
  105  16:56  Marine  
  105  16:57  Marine x2  
  105  16:58  Marine x2  
  74  17:14  Marine  
  74  17:15  Barracks, Marine x3  
  74  17:16  Marine  
  77  17:24  Marine x2  
  77  17:25  Marine  
  80  17:32  Marine  
Show
View Real Time Build Order
Export as new Build Order

FrozenSabre Zerg 

Build Orders: Hatch First 

Get SALT Encoding   

  12  0:00  Drone  
  13  0:12  Drone  
  14  0:20  Overlord  
  14  0:41  Hatchery  
  13  0:45  Drone  
  14  0:57  Drone x2, Extractor  
  15  1:15  Spawning Pool  
  15  1:18  Drone x2  
  16  1:24  Drone  
  17  1:31  Drone  
  18  1:44  Drone  
  19  1:50  Evolution Chamber  
  19  1:52  Drone  
  19  1:58  Drone  
  20  2:10  Queen x2  
  24  2:17  Zerg Melee Weapons Level 1  
  24  2:19  Overlord  
  24  2:32  Zergling x8  
  28  2:38  Metabolic Boost  
  28  2:54  Zergling x2  
  28  2:55  Zergling x8  
  33  3:05  Overlord  
  33  3:18  Zergling x6  
  36  3:27  Overlord  
  36  3:29  Zergling x6  
  36  3:30  Zergling x4  
  41  3:37  Overlord  
  41  3:44  Zergling x4  
  43  3:54  Zergling x12  
  43  3:55  Zergling x2  
  50  4:11  Drone  
  50  4:12  Drone x2  
  50  4:15  Lair  
  52  4:31  Spore Crawler  
  51  4:41  Spore Crawler  
  25  5:54  Hatchery  
  24  5:58  Drone x4  
  24  5:59  Extractor  
  24  6:01  Drone x3  
  24  6:03  Drone  
  24  6:04  Drone x6  
  37  6:14  Queen  
  37  6:15  Queen  
  41  6:19  Extractor  
  41  6:22  Overlord x3  
  41  6:25  Zerg Missile Weapons Level 1  
  40  6:33  Hydralisk Den  
  40  6:38  Roach Warren  
  40  6:39  Drone  
  40  6:40  Drone  
  40  6:44  Drone x3  
  43  6:52  Extractor  
  42  6:56  Drone x3  
  42  6:58  Drone x4  
  49  7:06  Overlord x2  
  49  7:10  Grooved Spines  
  49  7:23  Drone x3  
  49  7:24  Overlord  
  49  7:25  Overlord  
  52  7:31  Evolution Chamber  
  51  7:39  Infestation Pit  
  51  7:41  Drone x2  
  51  7:43  Glial Reconstitution  
  52  7:46  Hydralisk x4  
  52  7:47  Hydralisk x2  
  64  7:54  Drone x6  
  70  8:02  Zerg Ground Armor Level 1  
  70  8:26  Hive  
  70  8:28  Drone  
  70  8:29  Drone x13  
  84  8:34  Extractor  
  84  8:36  Extractor  
  82  8:52  Hydralisk, Muscular Augments  
  82  8:53  Hydralisk x5  
  94  9:12  Drone  
  94  9:13  Drone x2  
  94  9:15  Hydralisk x5  
  94  9:16  Hydralisk  
  109  9:18  Zergling x10  
  109  9:19  Zergling x2  
  115  9:42  Hydralisk  
  115  9:43  Hydralisk x2  
  121  9:45  Overlord  
  121  9:46  Overlord x2  
  121  9:56  Zerg Melee Weapons Level 2, Zerg Missile Weapons Level 2  
  121  10:04  Hydralisk x6  
  134  10:07  Zergling x16  
  141  10:34  Hydralisk x2  
  145  10:38  Overlord x3  
  145  10:39  Overlord  
  145  10:59  Overlord x3  
  145  11:05  Hatchery  
  145  11:08  Drone  
  145  11:09  Drone x7  
  152  11:30  Drone  
  153  11:37  Hydralisk  
  153  11:38  Hydralisk x8  
  170  12:02  Hydralisk x8  
  170  12:03  Hydralisk x2  
  190  12:15  Drone x8  
  195  12:20  Extractor  
  195  12:21  Extractor  
  195  12:22  Spore Crawler  
  195  12:28  Drone x3  
  198  12:40  Zergling x2  
  139  13:25  Hydralisk x7  
  139  13:26  Hydralisk x10  
  139  13:27  Hydralisk x5  
  133  13:51  Hydralisk  
  133  13:52  Hydralisk x8  
  151  14:11  Zerg Missile Weapons Level 3, Zerg Melee Weapons Level 3  
  151  14:27  Hydralisk x10  
  151  14:28  Hydralisk x8  
  187  14:47  Hatchery  
  186  15:00  Hydralisk x2  
  186  15:01  Hydralisk x5  
  148  15:17  Hydralisk x3  
  148  15:18  Hydralisk x11  
  148  15:19  Hydralisk x2  
  162  15:28  Hatchery  
  161  15:34  Hydralisk  
  161  15:35  Hydralisk x12  
  159  16:57  Extractor  
  159  16:59  Drone  
  159  17:00  Extractor, Drone x2  
  160  17:02  Drone x3  
  160  17:08  Hydralisk x8  
  165  17:09  Hydralisk x10  
  199  17:40  Spore Crawler  
Show
View Real Time Build Order
Export as new Build Order

Brad Protoss 

Build Orders: 1 Gate Expand, Oracle Opening, Carriers 

Get SALT Encoding   

  12  0:00  Probe  
  13  0:13  Probe  
  14  0:18  Pylon  
  14  0:25  Probe  
  15  0:37  Gateway  
  15  0:38  Probe (Chrono Boost)  
  16  0:48  Probe (Chrono Boost)  
  17  0:55  Assimilator  
  17  0:59  Probe  
  18  1:14  Probe  
  19  1:20  Nexus  
  19  1:29  Cybernetics Core  
  19  1:39  Assimilator  
  19  1:40  Probe (Chrono Boost)  
  20  1:52  Probe (Chrono Boost)  
  21  1:57  Probe (Chrono Boost)  
  21  2:00  Pylon  
  22  2:15  Probe  
  23  2:20  Stargate  
  23  2:27  Probe  
  23  2:28  Warp Gate (Chrono Boost)  
  24  2:32  Probe  
  25  2:39  Probe  
  25  2:41  Gateway  
  25  2:42  Pylon  
  26  2:44  Probe  
  27  2:51  Probe  
  28  3:03  Oracle  
  28  3:05  Zealot  
  33  3:08  Probe  
  33  3:09  Probe  
  35  3:13  Pylon  
  35  3:20  Probe  
  35  3:21  Probe  
  35  3:25  Gateway  
  37  3:40  Pylon, Probe x2  
  39  3:52  Probe x2  
  39  3:55  Gateway  
  45  3:56  Pylon  
  41  4:04  Probe  
  42  4:29  Zealot x3  
  48  4:32  Phoenix  
  48  4:36  Twilight Council  
  50  4:38  Forge  
  50  4:40  Probe  
  50  4:41  Pylon  
  50  4:42  Assimilator, Probe  
  52  4:52  Probe  
  53  4:55  Probe  
  54  5:03  Phoenix  
  54  5:04  Probe  
  57  5:08  Protoss Ground Weapons Level 1 (Chrono Boost)  
  57  5:09  Charge (Chrono Boost)  
  57  5:16  Zealot x4  
  65  5:21  Assimilator  
  65  5:25  Gateway  
  65  5:26  Gateway  
  65  5:27  Pylon  
  60  5:40  Robotics Facility  
  58  6:05  Zealot x3  
  58  6:07  Probe  
  58  6:08  Nexus  
  65  6:15  Templar Archives  
  65  6:17  Nexus  
  65  6:19  Pylon  
  65  6:26  Pylon  
  65  6:31  Pylon  
  65  6:36  Phoenix  
  67  6:40  Probe  
  67  6:41  Probe  
  67  6:44  Psionic Storm  
  69  6:48  Protoss Ground Weapons Level 2 (Chrono Boost)  
  69  6:52  Probe  
  69  6:53  Probe  
  71  7:04  Probe  
  71  7:05  Probe  
  73  7:09  Warp Prism  
  73  7:11  Zealot x5  
  73  7:12  Zealot  
  87  7:22  Photon Cannon  
  87  7:23  Probe  
  87  7:25  Photon Cannon, Probe  
  89  7:38  Forge  
  89  7:41  Pylon  
  89  7:46  Probe  
  90  7:58  Probe  
  90  8:01  High Templar x5  
  90  8:02  High Templar  
  103  8:11  Probe  
  96  8:30  Archon  
  96  8:31  Archon x2  
  95  8:47  Nexus  
  95  8:49  Pylon  
  95  8:58  Photon Cannon  
  95  8:59  Photon Cannon  
  95  9:13  Stargate  
  95  9:15  Stargate  
  95  9:16  Stargate  
  89  9:17  Pylon  
  89  9:20  Stargate x2  
  89  9:26  Pylon  
  89  9:34  Protoss Shields Level 1 (Chrono Boost)  
  89  9:42  Protoss Ground Weapons Level 3 (Chrono Boost)  
  89  9:45  Assimilator  
  89  9:47  Assimilator  
  89  9:56  Assimilator  
  89  10:00  Photon Cannon, Probe  
  89  10:01  Assimilator  
  89  10:03  Photon Cannon  
  89  10:04  Photon Cannon  
  89  10:05  Photon Cannon, Gateway  
  90  10:08  Pylon  
  90  10:11  Probe x3  
  90  10:12  Probe  
  94  10:22  Fleet Beacon  
  94  10:23  Probe x2  
  94  10:24  Probe  
  97  10:28  Zealot x2  
  97  10:29  Protoss Air Weapons Level 1 (Chrono Boost), Zealot x4  
  97  10:35  Probe  
  110  10:38  Probe  
  111  10:47  Gateway  
  111  10:49  Gateway  
  111  10:51  Probe  
  111  10:56  Pylon  
  112  11:08  Carrier x3  
  112  11:09  Carrier  
  136  11:19  Carrier  
  142  11:36  Nexus  
  142  11:37  Pylon  
  142  11:53  Protoss Shields Level 2 (Chrono Boost)  
  142  12:01  Carrier  
  148  12:10  Photon Cannon  
  148  12:13  Photon Cannon, Pylon  
  148  12:18  Assimilator  
  148  12:22  Pylon  
  148  12:29  Protoss Air Armor Level 1  
  148  12:44  Carrier x2  
  160  12:51  Probe  
  161  12:52  Probe x3  
  161  12:54  Probe  
  165  13:03  Probe  
  165  13:04  Probe  
  165  13:05  Carrier  
  173  13:11  Observer  
  172  13:33  Observer  
  129  13:54  Observer, Carrier  
  129  13:55  Carrier x4  
  160  14:01  Probe  
  149  14:28  Carrier  
  154  14:46  Warp Prism  
  156  14:59  Zealot, Carrier x2  
  170  15:00  Zealot x5  
  170  15:01  Zealot  
  170  15:02  Protoss Air Weapons Level 2 (Chrono Boost), Zealot  
  162  15:29  High Templar  
  162  15:30  High Templar x7  
  162  15:31  High Templar  
  162  15:32  Probe  
  162  15:34  Assimilator  
  181  15:43  Archon  
  181  15:44  Archon, Probe  
  182  15:52  Protoss Ground Armor Level 1 (Chrono Boost)  
  182  16:05  Zealot x4  
  188  16:48  Zealot x4  
  188  16:49  Zealot x5  
  194  16:56  Pylon, Nexus  
  194  16:58  Pylon  
  146  17:13  Zealot x3  
  146  17:14  Zealot x5  
  146  17:15  Zealot  
  148  17:36  Zealot x4  
  148  17:37  Zealot x3  
  156  17:38  Zealot x2  
Tags
 
Add a new tag
Caveats
  • Supply blocks, unpowered buildings, or Contaminate may cause inaccurate times.
  • Supply counts are checked every 10 seconds.